 Dungeon Crawl Stone Soup version 0.18-a0-1429-g6e54fa5 (webtiles) character file.

17 sugabear the Insei (level 2, -9/21 HPs)
             Began as a Demonspawn Transmuter on Feb 27, 2016.
             Mangled by a gnoll
             ... wielding a +0 halberd
              (10 damage)
             ... on level 1 of the Dungeon.
             The game lasted 00:00:56 (915 turns).

sugabear the Insei (Demonspawn Transmuter)           Turns: 915, Time: 00:00:57

Health: -9/21      AC:  2    Str: 10    XL:     2   Next: 44%
Magic:  4/5        EV: 12    Int: 14    God:
Gold:   41         SH:  0    Dex: 13    Spells: 1 memorised, 4 levels left

rFire  . . .     SeeInvis .       - Unarmed
rCold  . . .     Gourm    .     b - +0 robe
rNeg   . . .     Faith    .     (no shield)
rPois  .         Spirit   .     (helmet restricted)
rElec  .         Dismiss  .     (no cloak)
rCorr  .         Reflect  .     (no gloves)
SustAt .         Harm     .     (boots currently unavailable)
MR     .....                    (no amulet)
Stlth  +.........               (no ring)
                                (no ring)

@: appendage, very slightly contaminated, not resistant to hostile enchantments,
very unstealthy
A: antennae 1, talons 3
a: End Transformation


You were on level 1 of the Dungeon.
You were not hungry.
You had grown temporary talons.
You visited 1 branch of the dungeon, and saw 2 of its levels.

You collected 41 gold pieces.

Inventory:

Missiles
 a - 12 arrows
Armour
 b - a +0 robe (worn)
Jewellery
 g - an uncursed ring of protection from fire {unknown}
Scrolls
 e - a scroll of fog {unknown}
 h - a scroll of random uselessness {unknown}
 i - a scroll of identify {unknown}
Potions
 f - 2 potions of mutation {unknown}
 j - a potion of haste {unknown}
Books
 c - a book of Changes

   Spells                             Type                      Level
   a - Beastly Appendage              Transmutation                1
   b - Sticks to Snakes               Transmutation                2
   c - Spider Form                    Transmutation/Poison         3
   d - Ice Form                       Ice/Transmutation            4
   e - Blade Hands                    Transmutation                5
Comestibles
 d - a bread ration


   Skills:
 + Level 1.1 Fighting
 + Level 2.0 Dodging
 + Level 3.0 Unarmed Combat
 + Level 2.2 Spellcasting
 + Level 1.9 Transmutations


You had 4 spell levels left.
You knew the following spells:

 Your Spells              Type           Power        Failure   Level  Hunger
a - Beastly Appendage     Trmt           #.....       14%         1    #......


Dungeon Overview and Level Annotations

Branches:
Dungeon (2/15)

Altars:


Innate Abilities, Weirdness & Mutations

You have a pair of small antennae on your head.
You have claws for feet.


Message History

There is a stone staircase leading up here.
Unknown command.
The gnoll hits you from afar with a spear.
The gnoll barely misses you.
You climb upwards.
There is a stone staircase leading down here.
Casting: Beastly Appendage
Confirm with . or Enter, or press ? or * to list all spells.
Your feet morph into talons.
You barely miss the gnoll. Your kick misses the gnoll.
The gnoll hits you with a halberd!
Ouch! That really hurt!
* * * LOW HITPOINT WARNING * * *
You hit the gnoll.
The gnoll is lightly wounded.
The gnoll misses you.
You barely miss the gnoll.
The gnoll is lightly wounded.
The gnoll hits you with a halberd!
You die...

#.#.#####.# #.# # #.#.# #.#
#.# ########### ####.#.#
#.# #.# #..........
...#.#.# #.# #.#
#.......... ##.#.#.# #.#
#.# #..........
##.#.#.#####.###'####
#..........
#†#................#
#..........
#.###.######.......#
#.......... #.#
#......'..g@...#
#.......... #.#
########.......#
#.......... #.#
#.............# #####......
#.# #.............#
#####.....# #.#
#.............###.......#.#
#.#
#......##..####........####
#.# ##......#...#
#......#..#.# #.#
#.......'...# #...####....#
#.# #.......#...#
#...####.....


You could see a gnoll.

Vanquished Creatures
  A dart slug (D:1)
  2 ball pythons (D:1)
  5 bats (D:1)
  2 goblins (D:1)
  A hobgoblin (D:1)
  2 kobolds (D:1)
  3 rats (D:1)
16 creatures vanquished.

Notes
Turn   | Place    | Note
--------------------------------------------------------------
     0 | D:1      | sugabear the Demonspawn Transmuter began the quest for the Orb.
     0 | D:1      | Reached XP level 1. HP: 15/15 MP: 3/3
   233 | D:1      | Lost mutation: You have a pair of horns on your head. [demonic ancestry]
   233 | D:1      | Lost mutation: You have a pair of small horns on your head. [demonic ancestry]
   233 | D:1      | Gained mutation: You have a pair of small antennae on your head. [demonic ancestry]
   233 | D:1      | Reached XP level 2. HP: 19/21 MP: 1/5
   636 | D:1      | Reached skill level 3 in Unarmed Combat
   913 | D:1      | HP: 1/21 [gnoll/halberd (15)]
   915 | D:1      | Mangled by a gnoll

Vault maps used:
D:1:      minmay_arrival_diagonal_passages, hangedman_decor_growths

Skill      XL: |  1  2 |
---------------+-------+-----
Dodging        | 2 |  2.0
Unarmed Combat | 3 |  3.0
Fighting       | |  1.1
Spellcasting   | |  2.2
Transmutations | |  1.9

Action                   || total
-------------------------++-------
Melee: Unarmed           ||    49
 Cast: Beastly Appendage ||    12
